 Dungeon Crawl Stone Soup version 0.28-a0-819-g6ef7baa362 (webtiles) character file.

Game seed: 1347811549687141155

159 croobank the Insei (level 5, -28/33 HPs)
             Began as an Octopode Transmuter on Nov 8, 2021.
             Blown up by Ijyb (29 damage)
             ... with a mindburst bolt
             ... on level 3 of the Dungeon.
             The game lasted 00:13:43 (2897 turns).

croobank the Insei (Octopode Transmuter)            Turns: 2897, Time: 00:13:43

Health: -28/33     AC:  1    Str: 10    XL:     5   Next: 40%
Magic:  8/8        EV: 13    Int: 16    God:
Gold:   103        SH:  0    Dex: 12    Spells: 2/8 levels left

rFire   . . .      SeeInvis .     - Unarmed
rCold   . . .      Faith    .   (no shield)
rNeg    . . .      Spirit   .   (helmet restricted)
rPois   .          Reflect  .   (no amulet)
rElec   .          Harm     .   (no ring)
rCorr   .          Rampage  .   (no ring)
Will    .....                   (no ring)
Stlth   +++.......              (no ring)
HPRegen 0.11/turn               (no ring)
MPRegen 0.11/turn               (no ring)
                                (no ring)
                                (no ring)

@: hasted, very quick
A: almost no armour, amphibious, 8 rings, camouflage 1, gelatinous body 1,
(nimble swimmer 1), tentacles
a: no special abilities


You were on level 3 of the Dungeon.
You visited 1 branch of the dungeon, and saw 3 of its levels.

You collected 103 gold pieces.

Inventory:

Hand Weapons
 b - a +0 war axe
Missiles
 e - 50 arrows
 f - 94 stones
Scrolls
 a - a scroll of teleportation {unknown}
 c - a scroll of brand weapon {unknown}
 g - a scroll of magic mapping {unknown}
Potions
 d - 2 potions of cancellation
 i - a potion of invisibility


   Skills:
 + Level 1.3 Fighting
 + Level 2.6 Dodging
 + Level 2.6 Stealth
 + Level 4.9 Unarmed Combat
 + Level 2.2 Spellcasting
 + Level 2.1 Transmutations


You had 2 spell levels left.
You knew the following spells:

 Your Spells              Type           Power      Damage    Failure   Level
a - Beastly Appendage     Tmut           16%        N/A       9%          1
b - Wereblood             Tmut           8%         N/A       13%         2
c - Spider Form           Tmut/Pois      5%         N/A       36%         3

Your spell library contained the following spells:

 Spells                   Type           Power      Damage    Failure   Level
 Ice Form                 Ice/Tmut       5%         N/A       78%         4


Dungeon Overview and Level Annotations

Branches:
Dungeon (3/15)

Altars:

Annotations:
D:3 Ijyb


Innate Abilities, Weirdness & Mutations

You cannot wear most types of armour.
You are amphibious.
You can wear up to eight rings at the same time.
Your skin changes colour to match your surroundings (Stealth+).
Your rubbery body absorbs attacks. (AC +1, EV +1)
((You are camouflaged near water. (Stealth+)))
You have tentacles for arms and can constrict up to eight enemies at once.


Message History

You kill the endoplasm!
You tentacle-slap the rat.
You kill the rat!
A frilled lizard comes into view.
A frilled lizard is nearby!
You completely miss the frilled lizard.
The frilled lizard hisses angrily.
Your grab misses the frilled lizard.
The frilled lizard bites you but does no damage.
You closely miss the frilled lizard. Your grab misses the frilled lizard.
The frilled lizard bites you.
You miss the frilled lizard. Your grab misses the frilled lizard.
You squeeze the frilled lizard.
You kill the frilled lizard!
You open the door.
There is an open door here.
A hobgoblin comes into view.
The helpless hobgoblin fails to defend itself.
You tentacle-slap the hobgoblin.
You kill the hobgoblin!
You open the door.
There is an open door here.
Found a stone staircase leading down.
A hobgoblin comes into view.
You now have 103 gold pieces (gained 6). 2 hobgoblins and Ijyb come into view.
Ijyb is wielding a +0 dagger and carrying a wand of mindburst (18). 2 goblins come into view.
The hobgoblin shouts!
You hear a shout! x2; The hobgoblin shouts!
You see here 4 gold pieces.
You hear a shout! x2
Ijyb screams, "I dance on your bones!"
Ijyb zaps a wand.
Your mind is blasted!
Ouch! That really hurt!
* * * LOW HITPOINT WARNING * * *
You see here a scroll of identify.
Okay, then.
You feel yourself speed up.
Ijyb zaps a wand.
Your mind is blasted!
Ouch! That really hurt!
You die...

#.#######.....###### #.#
#.......'........... #.#
##########.....#####.##.#
......................>.#
##.##############.#.....#
#.# ........#### #.#
..#........#
##.####################.##.#
................@...g......#
##.#################g......#
#.# ##......# #.# #.g..$.#
#.# #......# ##.# #....#.#
##.# #....#.# ##.# #....#.#
.#.# ###..#.#


You could see Ijyb and a hobgoblin.

Vanquished Creatures
  A black bear (D:3)
  2 adders (D:2)
  2 dart slugs (D:2)
  An orc (D:3)
  2 ball pythons
  3 bats
  4 endoplasms (D:3)
  4 giant cockroaches
  6 goblins
  3 hobgoblins
  5 jackals (D:1)
  2 quokkas
  7 frilled lizards
  9 rats
51 creatures vanquished.

Notes
Turn   | Place    | Note
-------+----------+-------------------------------------------
     0 | D:1      | croobank the Octopode Transmuter began the quest for the
                  | Orb.
     0 | D:1      | Reached XP level 1. HP: 13/13 MP: 3/3
   230 | D:1      | Reached XP level 2. HP: 16/18 MP: 5/5
  1293 | D:2      | Reached XP level 3. HP: 23/23 MP: 6/6
  1296 | D:2      | Learned a level 2 spell: Wereblood
  1300 | D:2      | Learned a level 3 spell: Spider Form
  1609 | D:2      | Found a faded altar of an unknown god.
  1618 | D:2      | Reached skill level 4 in Unarmed Combat
  2262 | D:3      | Reached skill level 1 in Stealth
  2262 | D:3      | Reached XP level 4. HP: 28/28 MP: 7/7
  2434 | D:3      | Noticed a black bear
  2444 | D:3      | Killed a black bear
  2445 | D:3      | Reached XP level 5. HP: 16/33 MP: 5/8
  2886 | D:3      | Noticed Ijyb
  2896 | D:3      | HP: 1/33 [disintegration (32)]
  2897 | D:3      | Blown up by Ijyb

Illustrated notes

Levels and vault maps discovered:
D:1:      wander_arrival_lonely_grave, layout_basic
D:2:      layout_rooms, dreamdust_ecumenical_altar_angels_and_demons,
          minmay_hedge_maze, minmay_misc_feat_columns
D:3:      layout_basic, uniq_robin, uniq_ijyb

Skill      XL: |  1  2  3  4 |
---------------+-------------+-----
Unarmed Combat | 4 |  4.9
Stealth        | 1 2 |  2.6
Fighting       | |  1.3
Dodging        | |  2.6
Spellcasting   | |  2.2
Transmutations | |  2.1

Action                   |  1- 3 |  4- 6 || total
-------------------------+-------+-------++-------
Melee: Unarmed           |    85 |    32 ||   117
       Constrict         |    20 |     7 ||    27
       Tentacles         |    13 |     6 ||    19
       Punch             |     4 |       ||     4
 Cast: Wereblood         |       |     1 ||     1
  Use: Scroll            |     3 |     1 ||     4
       Potion            |       |     1 ||     1
 Stab: Sleeping          |     5 |     4 ||     9
Armor: Skin              |     1 |     3 ||     4
Dodge: Dodged            |    44 |    15 ||    59

Table legend: (Time is in decaauts)
 A = Elapsed time spent in this place.
 B = Non-inter-level travel time spent in this place.
 C = Inter-level travel time spent in this place.
 D = Time resting spent in this place.
 E = Time spent auto-exploring this place.
 F = Levels seen in this place.
 G = Mean time per level.
                   A        B        C        D        E       F      G
               +--------+--------+--------+--------+--------+-----+--------+
         Total |   2888 |   2837 |     51 |    232 |   2073 |   3 |  962.7 |
       Dungeon |   2888 |   2837 |     51 |    232 |   2073 |   3 |  962.7 |
               +--------+--------+--------+--------+--------+-----+--------+

Top non-repeatable levels by time:
     D:1: 1251 daAuts
     D:2: 991 daAuts
     D:3: 645 daAuts
